 Dungeon Crawl Stone Soup version 0.30.0 (webtiles) character file.

Game seed: 7590346748635009250

12060 matuaBeast the Severer (level 11, 0/99 HPs)
             Began as a Hill Orc Fighter on Sept 28, 2023.
             Was a Plaything of Xom.
             Slain by a meliai
             ... wielding a +0 war axe
              (4 damage)
             ... on level 13 of the Dungeon on Sept 29, 2023.
             The game lasted 01:34:45 (9571 turns).

matuaBeast the Severer (Hill Orc Fighter)           Turns: 9571, Time: 01:34:45

Health: 0/99       AC: 26    Str: 24    XL:     11   Next: 87%
Magic:  11/11      EV: 14    Int:  8    God:    Xom [.....*]
Gold:   405        SH: 13    Dex: 10    Spells: 10/10 levels left

rFire   . . .        I - +3 war axe
rCold   + + .        x - +2 buckler
rNeg    + + +        j - +3 chain mail
rPois   ∞            (helmet restricted)
rElec   +            e - +0 cloak
rCorr   .            h - +0 pair of gloves
SInv    +            l - +0 pair of boots
Will    +....        p - amulet of reflection Stlth
                     i - ring of protection from cold
HPRegen 0.36/turn    H - +5 ring of evasion
MPRegen 0.12/turn

%: reflection
@: about to teleport, lich-form
A: draining attack, torment immunity, no potions, antennae 1, claws 1, hooves 2,
iridescent scales 1, see invisible, mutation resistance 1, sense surroundings 1,
electricity resistance, MP-powered wands
a: Renounce Religion


You were on level 13 of the Dungeon.
You worshipped Xom.
You were Xom's teddy bear.
You were an undead lich.
You visited 1 branch of the dungeon, and saw 11 of its levels.
You visited the Abyss 1 time.

You collected 611 gold pieces.
You spent 206 gold pieces at shops.

Inventory:

Hand Weapons
 a - a +1 war axe
 w - a +1 whip of freezing
 B - a +2 quarterstaff of chaos
 D - a +1 heavy hammer
 I - a +3 war axe (weapon)
Missiles
 n - 12 boomerangs
 y - 2 throwing nets (quivered)
Armour
 d - a +0 buckler
 e - a +0 cloak (worn)
 f - +0 fire dragon scales
 h - a +0 pair of gloves (worn)
 j - a +3 chain mail (worn)
 l - a +0 pair of boots (worn)
 x - a +2 buckler (worn)
 C - a +2 cloak of preservation
Magical Staves
 o - a staff of cold
Jewellery
 i - a ring of protection from cold (left hand)
 p - an amulet of reflection (around neck)
 H - a +5 ring of evasion (right hand)
Wands
 b - a wand of digging (5)
 s - a wand of charming (8)
 u - a wand of mindburst (15)
 v - a wand of acid (18)
 G - a wand of roots (5)
 K - a wand of flame (10)
Scrolls
 g - 3 scrolls of teleportation
 t - 5 scrolls of identify
 A - a scroll of fog
 F - 2 scrolls of amnesia
 L - 2 scrolls of vulnerability
Potions
 c - a potion of heal wounds
 k - 2 potions of brilliance
 m - 4 potions of mutation
 q - a potion of flight
 r - 2 potions of curing
 E - a potion of ambrosia
 J - a potion of might
Miscellaneous
 z - a lightning rod (3/4)


   Skills:
 + Level 9.8 Fighting
 + Level 15.5 Axes
 + Level 9.8 Armour
 + Level 2.2 Dodging
 + Level 3.1 Stealth
 + Level 8.7 Shields


You had 10 spell levels left.
You didn't know any spells.
Your spell library contained the following spells:

 Spells                   Type           Power      Damage    Failure   Level
 Apportation              Tloc           0%         N/A       91%         1
 Sandblast                Erth           0%         2d4       91%         1
 Summon Small Mammal      Summ           0%         N/A       91%         1
 Cigotuvi's Dreadful Rot  Necr/Pois/Air  0%         N/A       97%         2
 Passwall                 Tmut/Erth      0%         N/A       97%         2
 Call Canine Familiar     Summ           0%         N/A       100%        3
 Ignite Poison            Fire/Tmut/Pois 0%         N/A       100%        3
 Stone Arrow              Conj/Erth      0%         3d7       100%        3
 Summon Guardian Golem    Hex/Summ       0%         N/A       100%        3
 Alistair's Intoxication  Tmut/Pois      0%         N/A       100%        5
 Freezing Cloud           Conj/Ice/Air   0%         6-21      100%        5


Dungeon Overview and Level Annotations

Branches:
Dungeon (13/15)            Temple (0/1) D:5
   Lair: D:8-11         Orc: D:9-12      Vaults: D:13-14

Altars:
Cheibriados
Dithmenos
Fedhas
Hepliaklqana
Makhleb
Okawaru
Qazlal
Ru
Sif Muna
Xom
Zin
The Shining One

Shops:
D:3 [   D:4 *(*=(   D:10 (


Innate Abilities, Weirdness & Mutations

You are an undead lich.
Your unarmed attacks are suffused with negative energy.
You are immune to unholy pain and torment.
Your necromantic spells are more powerful.
You cannot drink.
You are immune to poison.
You have a pair of small antennae on your head.
You have sharp fingernails.
You have hoof-like feet.
You are partially covered in iridescent scales. (AC +2)
You have supernaturally acute eyesight. (SInv)
You are somewhat resistant to further mutation.
You passively map a small area around you.
You are resistant to electric shocks. (rElec)
You expend magic power (3 MP) to strengthen your wands.


Message History

A meliai comes into view. It is wielding a +0 war axe.
The meliai invokes the aid of its god against you.
Something smites you!
The meliai calls down the wrath of its god upon you.
Something smites you!
The meliai moves out of view.
A meliai comes into view. It is wielding a +0 war axe.
The meliai buzzes angrily. x2
The meliai mumbles some strange prayers to its god against you.
Something smites you!
The meliai mumbles some strange prayers to its god against you.
Something smites you!
The meliai calls down the wrath of its god upon you.
Something smites you!
The meliai invokes the aid of its god against you.
Something smites you! The meliai hits you but does no damage.
The meliai misses you.
The meliai mumbles some strange prayers to its god against you.
Something smites you!
* * * LOW HITPOINT WARNING * * *
The meliai hits you but does no damage. You block the meliai's attack.
As you read the scroll of teleportation, it crumbles to dust.
You feel strangely unstable. The meliai hits you but does no damage.
You block the meliai's attack. The meliai completely misses you.
The meliai barely misses you.
The meliai invokes the aid of its god against you.
Something smites you!
* * * LOW HITPOINT WARNING * * *
The meliai barely misses you. The meliai stings you.
* * * LOW HITPOINT WARNING * * *
The meliai hits you but does no damage. You block the meliai's attack.
The meliai misses you. You block the meliai's attack.
The meliai attacks as you move away! The meliai closely misses you. x2
The meliai attacks as you move away! The meliai completely misses you.
The meliai closely misses you. The meliai barely misses you.
You block the meliai's attack. The meliai attacks as you move away!
The meliai hits you with a +0 war axe.
* * * LOW HITPOINT WARNING * * *
You block the meliai's attack. The meliai hits you with a +0 war axe.
You die...
Xom chortles!

*#### ##### ##.... *
#.....### ###......,
.........## ##........
,.............# #.........
y
.............####.........
...............##.........
..............Lyyy........
#.............###.........
, #.............#
##........ #............#
#........ #...<.†....###
#........ * ##...#.†...#
#........ * ###*#.....#
####.#### ##.....# *.#
#......# # *,


You could see 3 meliai.

Vanquished Creatures
  Erolcha (D:10)
  A two-headed ogre (D:10)
  A boulder beetle (D:13)
  A tengu warrior (D:13)
  Psyche (D:10)
  A tengu conjurer (D:13)
  2 trolls (D:10)
  A meliai (D:7)
  Prince Ribbit (D:7)
  2 hornets
  A wyvern (D:9)
  13 yaks
  A wraith (D:10)
  A steam dragon (D:8)
  Menkaure (D:7)
  7 vampire mosquitoes (D:13)
  An acid dragon (D:9)
  Duvessa (D:4)
  A water moccasin (D:5)
  2 orc warriors
  A sky beast (D:7)
  4 ogres (D:4)
  4 centaurs
  A lemure (D:7)
  2 phantoms
  A kobold brigand (D:5)
  4 bullfrogs
  2 gnoll sergeants
  3 scorpions
  6 wights
  10 killer bees
  6 howler monkeys
  4 hounds
  Crazy Yiuf (D:7)
  2 jellies (D:5)
  6 orc priests
  2 iguanas
  2 sleepcaps (D:4)
  Natasha (thrice) (D:4)
  Terence (D:3)
  10 orc wizards
  10 gnolls
  3 adders
  A shadow imp (D:8)
  5 white imps
  2 dart slugs
  A worm (D:2)
  21 orcs
  5 ball pythons
  12 endoplasms
  4 giant cockroaches
  5 goblins
  12 hobgoblins
  3 quokkas
  3 bats
  4 frilled lizards
  2 kobolds
  5 rats
214 creatures vanquished.

Vanquished Creatures (collateral kills)
  A steam dragon (D:4)
  An orc warrior (D:5)
  An ogre (D:5)
  Dowan (D:4)
  A killer bee (D:8)
  A hound (D:4)
  An iguana (D:5)
  3 orc wizards (D:5)
  7 gnolls
  A shadow imp (D:5)
  4 orcs (D:5)
22 creatures vanquished.

Vanquished Creatures (others)
  An orc wizard (D:9)
  3 demonic plants (D:1)
  2 plants (D:4)
  A withered plant (D:1)
7 creatures vanquished.

Grand Total: 243 creatures vanquished

Notes
Turn   | Place    | Note
-------+----------+-------------------------------------------
     0 | D:1      | matuaBeast the Hill Orc Fighter began the quest for the
                  | Orb.
     0 | D:1      | Reached XP level 1. HP: 19/19 MP: 1/1
   119 | D:1      | Reached XP level 2. HP: 18/27 MP: 2/2
   197 | D:1      | Found a faded altar of an unknown god.
   208 | D:1      | Prayed at the altar of an unknown god.
   208 | D:1      | Became a worshipper of Xom of Chaos
   943 | D:2      | Reached skill level 3 in Axes
   943 | D:2      | Reached XP level 3. HP: 30/33 MP: 3/3
  1117 | D:2      | XOM: divination: detect creatures
  1633 | D:2      | Reached skill level 4 in Axes
  1687 | D:2      | XOM: noise
  1746 | D:3      | Noticed Terence
  1748 | D:3      | XOM: divination: detect items
  1752 | D:3      | Killed Terence
  1753 | D:3      | Reached XP level 4. HP: 41/41 MP: 4/4
  2146 | D:3      | Found Tanav's Antique Armour Shoppe.
  2150 | D:3      | Bought a pair of boots for 126 gold pieces
  2313 | D:4      | Noticed a scorpion
  2313 | D:4      | Noticed Natasha
  2338 | D:4      | Found Wical's Weapon Emporium.
  2390 | D:4      | Found Jiah's Jewellery Emporium.
  2430 | D:4      | Reached XP level 5. HP: 26/47 MP: 5/5
  2476 | D:4      | XOM: noise
  2480 | D:4      | Killed Natasha
  2481 | D:4      | Reached skill level 5 in Axes
  2576 | D:4      | Reached XP level 6. HP: 55/55 MP: 6/6
  2592 | D:4      | Noticed Dowan
  2593 | D:4      | Noticed Duvessa
  2594 | D:4      | XOM: silly message
  2605 | D:4      | XOM: divination: detect creatures
  2608 | D:4      | Reached skill level 6 in Axes
  2613 | D:4      | XOM: divination: detect items
  2618 | D:4      | XOM: cast spell 'Call Canine Familiar'
  2623 | D:4      | Killed Duvessa
  2624 | D:4      | Reached skill level 5 in Fighting
  2625 | D:4      | Killed Dowan
  2631 | D:4      | XOM: divination: detect creatures
  2634 | D:4      | Reached XP level 7. HP: 61/61 MP: 7/7
  2636 | D:4      | Reached skill level 7 in Axes
  2640 | D:4      | XOM: confuse monster(s)
  2755 | D:4      | Noticed Natasha
  2765 | D:4      | Killed Natasha
  2774 | D:4      | Noticed Natasha
  2802 | D:4      | Killed Natasha
  3007 | D:4      | XOM: butterfly on damage
  3009 | D:4      | HP: 1/62 [ogre/+0 giant club (29)]
  3009 | D:4      | XOM: smoke on damage
  3011 | D:4      | Reached skill level 8 in Axes
  3011 | D:4      | Reached skill level 5 in Armour
  3146 | D:4      | XOM: chaos upgrade
  3150 | D:4      | Reached XP level 8. HP: 58/70 MP: 8/8
  3201 | D:4      | XOM: give mutations
  3201 | D:4      | Gained mutation: You are resistant to electric shocks.
                  | (rElec) [Xom's grace]
  3201 | D:4      | Gained mutation: You have a pair of small antennae on your
                  | head. [Xom's grace]
  3201 | D:4      | Gained mutation: You have supernaturally acute eyesight.
                  | (SInv) [Xom's grace]
  3275 | D:4      | Found Izakhlaf's Assorted Antiques.
  3299 | D:4      | Bought a scorched silver amulet for 80 gold pieces
  3299 | D:4      | Identified the amulet of Micaiheess {Spirit +Inv rElec
                  | Str-3} (You bought it in a shop on level 4 of the Dungeon)
  3311 | D:4      | Found Qynogaan's Antique Weapon Shoppe.
  3311 | D:4      | Found a glowing golden altar of the Shining One.
  3312 | D:4      | Found a transporter.
  3429 | D:4      | Found a transporter.
  3457 | D:4      | Found Nor Ecsu's Assorted Antiques.
  3698 | D:4      | XOM: enchant monster (good)
  3701 | D:4      | Reached skill level 1 in Dodging
  3701 | D:4      | Reached skill level 1 in Stealth
  3727 | D:4      | XOM: potion effect (heal wounds)
  3779 | D:4      | XOM: scenery: create altars
  3787 | D:5      | Entered Level 5 of the Dungeon
  3817 | D:5      | XOM: give mutations
  3817 | D:5      | Gained mutation: You have sharp fingernails. [Xom's grace]
  3817 | D:5      | Gained mutation: You have sharp toenails. [Xom's grace]
  3843 | D:5      | Found a faded altar of an unknown god.
  3843 | D:5      | Found a hazy altar of Hepliaklqana.
  3866 | D:5      | Reached skill level 9 in Axes
  3993 | D:5      | Reached skill level 10 in Axes
  4153 | D:5      | Reached skill level 5 in Shields
  4153 | D:5      | Reached XP level 9. HP: 71/78 MP: 9/9
  4292 | D:5      | XOM: scenery: create altars
  4309 | D:5      | Found a staircase to the Ecumenical Temple.
  4484 | D:6      | Identified the +1 ring mail of the Spider Nest {Str+2}
  4529 | D:6      | XOM: enchant monster (good)
  4605 | D:6      | XOM: polymorph jelly -> bullfrog
  4627 | D:6      | XOM: stat loss: -1 Str (22/23)
  4656 | D:6      | Found a sacrificial altar of Ru.
  4858 | D:6      | XOM: noise
  4951 | D:6      | XOM: summons 5 hostile demons
  5055 | D:6      | Found an iron altar of Okawaru.
  5108 | D:7      | Noticed Prince Ribbit
  5130 | D:7      | Noticed Menkaure
  5135 | D:7      | XOM: swap monsters
  5142 | D:7      | Killed Prince Ribbit
  5143 | D:7      | Reached skill level 11 in Axes
  5145 | D:7      | Killed Menkaure
  5197 | D:7      | XOM: stat loss: -1 Str (22/23)
  5320 | D:7      | Identified the +3 leather armour "Tucrewn" {rF+ Int+2
                  | Dex+4}
  5474 | D:7      | Noticed Pikel
  5474 | D:7      | Noticed a hornet
  5490 | D:7      | XOM: summons 3 friendly demons
  5492 | D:7      | XOM: potion effect (might)
  5499 | D:7      | XOM: 1-stop teleportation journey
  5595 | D:7      | Reached skill level 12 in Axes
  5599 | D:7      | XOM: 1-stop teleportation journey
  5642 | D:7      | Killed a hornet
  5643 | D:7      | Reached XP level 10. HP: 71/86 MP: 10/10
  5677 | D:7      | XOM: 3-stop teleportation journey
  5678 | D:7      | Pikel changed into Pikel the meliai
  5678 | D:7      | Noticed Pikel
  5678 | D:7      | XOM: polymorph Pikel -> Pikel the meliai
  5684 | D:7      | XOM: blink monster(s)
  5686 | D:7      | XOM: 8-stop teleportation journey
  5800 | D:7      | Killed Pikel the meliai
  6086 | D:7      | Found a shimmering altar of Xom.
  6248 | D:7      | Found a runed translucent door.
  6249 | D:7      | Noticed Crazy Yiuf
  6258 | D:7      | Killed Crazy Yiuf
  6325 | D:8      | Found a blossoming altar of Fedhas.
  6325 | D:8      | Found a shadowy altar of Dithmenos.
  6423 | D:8      | XOM: cast spell 'Monstrous Menagerie'
  6433 | D:8      | XOM: potion effect (might)
  6630 | D:8      | Found a burning altar of Makhleb.
  6630 | D:8      | Noticed a cacodemon
  6921 | D:8      | Found a glowing silver altar of Zin.
  6921 | D:8      | Found a stormy altar of Qazlal.
  7070 | D:9      | XOM: confuse monster(s)
  7078 | D:9      | Reached skill level 13 in Axes
  7148 | D:9      | XOM: divination: detect creatures
  7332 | D:9      | XOM: give mutation
  7332 | D:9      | Gained mutation: You passively map a small area around you.
                  | [Xom's grace]
  7372 | D:9      | Found a shimmering blue altar of Sif Muna.
  7389 | D:9      | XOM: give mutations
  7389 | D:9      | Gained mutation: You are somewhat resistant to further
                  | mutation. [Xom's grace]
  7389 | D:9      | Lost mutation: You have sharp toenails. [Xom's grace]
  7389 | D:9      | Gained mutation: You have large cloven feet. [Xom's grace]
  7483 | D:9      | XOM: 2-stop teleportation journey
  7710 | D:9      | Found a snail-covered altar of Cheibriados.
  7715 | D:9      | XOM: god gift: 9 stones
  7804 | D:9      | XOM: 4-stop teleportation journey
  8192 | D:9      | XOM: summons friendly white imp
  8194 | D:9      | XOM: confusion (+ monsters)
  8197 | D:9      | XOM: cleaving
  8258 | D:9      | XOM: scenery: 1 doors close
  8309 | D:10     | Entered Level 10 of the Dungeon
  8317 | D:10     | Noticed Erolcha
  8318 | Abyss:1  | Cast into level 1 of the Abyss (Erolcha)
  8318 | D:10     | Escaped the Abyss
  8318 | D:10     | XOM: revert banishment
  8323 | D:10     | Noticed a two-headed ogre
  8323 | D:10     | XOM: scenery: 1 doors open
  8341 | D:10     | Killed a two-headed ogre
  8342 | D:10     | Reached skill level 14 in Axes
  8342 | D:10     | Reached XP level 11. HP: 45/95 MP: 11/11
  8351 | D:10     | Killed Erolcha
  8560 | D:10     | Noticed Psyche
  8564 | D:10     | XOM: cleaving
  8571 | D:10     | Killed Psyche
  8579 | D:10     | XOM: summons 4 friendly demons
  8686 | D:10     | Identified the +0 flail "Hill Orc's Regret" {protect, rN+
                  | Will- Str+3 Int+4}
  8697 | D:10     | Found Onyll's Weapon Emporium.
  8711 | D:10     | XOM: summons 2 friendly demons
  8876 | D:10     | XOM: summons 2 friendly demons
  8880 | D:10     | XOM: polymorph ufetubus -> shadow imp
  9054 | D:10     | XOM: summons friendly quasit
  9164 | D:10     | XOM: divination: detect items
  9186 | D:10     | You fall into a shaft and drop 3 floors!
  9204 | D:13     | XOM: give mutations
  9204 | D:13     | Gained mutation: You expend magic power (3 MP) to
                  | strengthen your wands. [Xom's grace]
  9204 | D:13     | Gained mutation: You have hoof-like feet. [Xom's grace]
  9204 | D:13     | Gained mutation: You are partially covered in iridescent
                  | scales. (AC +2) [Xom's grace]
  9231 | D:13     | Reached skill level 15 in Axes
  9239 | D:13     | Noticed a boulder beetle
  9268 | D:13     | Killed a boulder beetle
  9346 | D:13     | Noticed a tengu warrior
  9362 | D:13     | Killed a tengu warrior
  9373 | D:13     | XOM: god gift: lightning rod (4/4)
  9401 | D:13     | XOM: cloud trail
  9403 | D:13     | XOM: cleaving
  9407 | D:13     | XOM: fog
  9425 | D:13     | XOM: divination: detect creatures
  9523 | D:13     | XOM: cast spell 'Necromutation'
  9571 | D:13     | HP: 4/99 [meliai/+0 war axe (2)]
  9571 | D:13     | Slain by a meliai

Illustrated notes

Levels and vault maps discovered:
D:1:      tekkud_arrival_beachfront_property, layout_basic,
          shapermc_ecumenical_altar_gd, wander_ebering_terrifying_dragon_lair
D:2:      layout_loops_corners, due_unseen_surprise
D:3:      layout_rooms, serial_shops, nicolae_shop_back_alley_shop,
          minmay_misc_feat_room, uniq_terence
D:4:      layout_loops_ring, gammafunk_temple_overflow_arena, serial_shops,
          nicolae_shop_rolling_square, nicolae_shop_overgrown_old_shop, shop,
          nicolae_shop_bloodbath_and_beyond, nicolae_stop_n_shop_1,
          enter_ossuary_2, grunt_decor_one_mirror, minmay_misc_feat_pillars,
          grunt_ministairs_10, nicolae_underground_beach, uniq_duvessa,
          uniq_natasha
D:5:      layout_basic, beargit_hepliaklqana_dungeon_heroes,
          minmay_temple_entry_nine_rooms, nicolae_titane
D:6:      layout_cave_pools, nicolae_ru_great_annihilating_truth,
          hellmonk_okawaru_the_only_friend_you_need
D:7:      layout_loops_ring, tgw_xom, uniq_menkaure, uniq_pikel,
          uniq_crazy_yiuf_cottage, uniq_prince_ribbit1
D:8:      layout_cave_pools, amethyst_overflow_temple_binary,
          chequers_temple_overflow_statue_of_worship, makhleb_altar_promises_db,
          corner_web_ring
D:9:      layout_gridville, cheibriados_altar_1, tgw_sif
D:10:     layout_basic, serial_shops, nicolae_inconvenience_store,
          kennysheep_generic_room_5, uniq_erolcha, uniq_amaemon, uniq_psyche
D:13:     layout_cave_pods, david_vaults_1, lightli_minifort

Skill      XL: |  1  2  3  4  5  6  7  8  9 10 11 |
---------------+----------------------------------+-----
Fighting       | 4 5 6 7 8 9 |  9.8
Axes           | 3 4 5 6 8 10 12 14 15 | 15.5
Armour         | 4 5 6 7 8 9 |  9.8
Shields        | 4 5 6 8 |  8.7
Dodging        | 1 2 |  2.2
Stealth        | 1 2 3 |  3.1

Action                     |  1- 3 |  4- 6 |  7- 9 | 10-12 || total
---------------------------+-------+-------+-------+-------++-------
  Melee: War axe           |    84 |    82 |   287 |   384 ||   837
  Throw: Throwing net      |       |       |     2 |       ||     2
  Evoke: Lightning rod     |       |       |       |     1 ||     1
    Use: Scroll            |     3 |     4 |     8 |     2 ||    17
         Potion            |     3 |     4 |     5 |     3 ||    15
   Stab: Held in net/web   |       |       |     3 |       ||     3
         Paralysed         |       |       |     1 |       ||     1
         Distracted        |       |       |       |     1 ||     1
 Armour: Scale mail        |    13 |       |       |       ||    13
         Fire dragon scale |    19 |       |       |       ||    19
         Chain mail        |       |    39 |   160 |   147 ||   346
         Skin              |       |     8 |     3 |       ||    11
  Dodge: Dodged            |    36 |    26 |    84 |   220 ||   366
  Block: Buckler           |     8 |    20 |   129 |   221 ||   378
         Reflection        |       |       |     2 |    10 ||    12
